 Dungeon Crawl Stone Soup version 0.14-a0-2340-g8df0fbc (webtiles) character file.

74 Malachi the Insei (level 3, 0/17 HPs)
             Began as a Vine Stalker Transmuter on Jan 30, 2014.
             Succumbed to an adder's poison
             ... while paralysed by a potion of paralysis
             ... on Level 1 of the Dungeon.
             The game lasted 00:01:45 (683 turns).

Malachi the Insei (Vine Stalker Transmuter)          Turns: 683, Time: 00:01:46

HP   0/17        AC  2     Str 12      XL: 3   Next: 27%
MP   3/7         EV  2     Int 14      God:
Gold 42          SH  0     Dex 14      Spells:  1 memorised,  5 levels left

rFire  . . .     SeeInvis .       - Unarmed
rCold  . . .     Clarity  .     c - +0 robe
rNeg   . . .     Conserve .     (no shield)
rPois  .         rCorr    .     (no helmet)
rElec  .         rRot     +     (no cloak)
SustAb . .       Spirit   +     (no gloves)
rMut   .         Warding  .     (no boots)
Saprov . . .     Stasis   .     (no amulet)
MR     +....                    (no ring)
                                l - ring of protection from magic

@: paralysed, mildly poisoned, somewhat resistant to hostile enchantments,
unstealthy
A: fangs 2, regeneration 1, magic shield, antimagic bite, no device heal
a: no special abilities


You were on level 1 of the Dungeon.
You were not hungry.

You visited 1 branch of the dungeon, and saw 2 of its levels.

You collected 42 gold pieces.

Inventory:

Missiles
 b - 12 arrows
Armour
 c - a +0 robe (worn)
Comestibles
 a - 2 bread rations
 g - a chunk of giant cockroach flesh
 h - 2 chunks of hobgoblin flesh
 j - 3 chunks of hobgoblin flesh
 o - 2 rotting chunks of goblin flesh
 p - 3 rotting chunks of hobgoblin flesh
 q - a rotting chunk of giant newt flesh
 s - 2 chunks of hobgoblin flesh
Scrolls
 k - 5 scrolls of teleportation
 n - a scroll of remove curse {unknown}
 r - 2 scrolls of fear {unknown}
Jewellery
 l - a ring of protection from magic (left hand)
Potions
 e - 2 potions of blood
 f - 2 potions of magic
 m - a potion of cure mutation {unknown}
Books
 d - a book of Changes

   Spells                             Type                      Level
   *Beastly Appendage                 Transmutation                1
   Sticks to Snakes                   Transmutation                2
   Spider Form                        Transmutation/Poison         3
   Ice Form                           Ice/Transmutation            4
   Blade Hands                        Transmutation                5


   Skills:
 + Level 0.8 Fighting
 + Level 2.0 Dodging
 + Level 0.3 Stealth
 + Level 3.7 Unarmed Combat
 + Level 2.3 Spellcasting
 + Level 2.0 Transmutations


You had 5 spell levels left.
You knew the following spells:

 Your Spells              Type           Power        Failure   Level  Hunger
a - Beastly Appendage     Trmt           #.....       12%         1    #......


Dungeon Overview and Level Annotations

Branches:
Dungeon (2/16)

Altars:


Innate Abilities, Weirdness & Mutations

You have extremely sharp teeth.
Your natural rate of healing is unusually fast.
When hurt, damage is shared between your health and your magic reserves.
Your bite disrupts and absorbs the magic of your enemies.
Potions and wands cannot restore your HP.


Message History

* * * LOW HITPOINT WARNING * * *
You feel sick.
You see here an adder corpse.
You start butchering the adder corpse.
You continue butchering the corpse.
You stop butchering the corpse.
* * * LOW HITPOINT WARNING * * *
You feel sick.
* * * LOW HITPOINT WARNING * * *
You feel sick.
Your horns disappear.
There is a stone staircase leading up here.
* * * LOW HITPOINT WARNING * * *
You feel sick.
You climb upwards.
There is a stone staircase leading down here.
* * * LOW HITPOINT WARNING * * *
You feel sick.
Drink which item? (? for menu, Esc to quit)
You suddenly lose the ability to move!
It was a potion of paralysis.
You die...

.###.#.#....#....# #.##..####).#
.###.#.#.........# #......##.(##
..##.#...........# #####..##(.##
.........#.....#.# ##..####..#
....#....###...#.# #...####...
....#....# #...#.# #..##..##..
....##...# ##.##.# #..##..##..
....#....####.##.#### #.##....##.
...............>@...# #.##....##.
#####.....>..#......###.#......#.
##########......#...#..#...#. #
#...####.#...##.#... #
###.####............ ######
#(((..)###########
#....###########......#
......................#
.....#########...######


There were no monsters in sight!

Vanquished Creatures
  An adder (D:2)
  A giant gecko (D:1)
  A giant cockroach (D:1)
  5 hobgoblins
  A bat (D:1)
  4 giant newts (D:1)
  2 goblins (D:1)
  4 kobolds (D:1)
  5 rats (D:1)
24 creatures vanquished.

Notes
Turn   | Place    | Note
--------------------------------------------------------------
     0 | D:1      | Malachi, the Vine Stalker Transmuter, began the quest for the Orb.
     0 | D:1      | Reached XP level 1. HP: 9/9 MP: 3/3
   264 | D:1      | Reached XP level 2. HP: 14/14 MP: 6/6
   673 | D:2      | Reached XP level 3. HP: 4/17 MP: 2/7
   683 | D:1      | Paralysed by a potion of paralysis for 3 turns
   683 | D:1      | Succumbed to an adder's poison

Action                   || total
-------------------------++-------
Melee: Unarmed           ||    89
 Cast: Beastly Appendage ||     1
  Use: Scroll            ||     1
       Potion            ||     1
 Stab: Sleeping          ||     1
